 Dungeon Crawl Stone Soup version 0.20.1-1-g8b1a95d (webtiles) character file.

371 Kagerus the Basher (level 7, -5/52 HPs)
             Began as a Human Fighter on July 30, 2017.
             Killed by divine providence
             ... invoked by an orc priest
              (15 damage)
             ... while paralysed by an orc priest
             ... on level 3 of the Dungeon.
             The game lasted 00:04:43 (1624 turns).

Kagerus the Basher (Human Fighter)                  Turns: 1624, Time: 00:04:44

Health: -5/52      AC: 11    Str: 19    XL:     7   Next: 2%
Magic:  7/7        EV:  2    Int:  8    God:
Gold:   116        SH:  0    Dex: 12    Spells: 6/6 levels left

rFire    . . .     SeeInvis .   a - +1 flail
rCold    . . .     Gourm    .   c - +0 shield
rNeg     . . .     Faith    .   b - +0 scale mail
rPois    .         Spirit   .   (no helmet)
rElec    .         Reflect  .   y - +0 cloak
rCorr    .         Harm     .   (no gloves)
MR       .....                  s - +1 pair of boots
Stlth    ..........             (no amulet)
Regen    0.2/turn               (no ring)
MPRegen  0.1/turn               (no ring)

@: paralysed
A: no striking features
a: no special abilities


You were on level 3 of the Dungeon.
You were hungry.

You visited 1 branch of the dungeon, and saw 3 of its levels.

You collected 116 gold pieces.

Inventory:

Hand Weapons
 a - a +1 flail (weapon)
Armour
 b - a +0 scale mail (worn)
 c - a +0 shield (worn)
 s - a +1 pair of boots (worn)
 y - a +0 cloak (worn)
Scrolls
 j - 2 scrolls of identify
 k - 2 scrolls of teleportation
 v - 2 scrolls of magic mapping
Potions
 d - 2 potions of might
 e - a potion of flight {unknown}
 o - a potion of cancellation {unknown}
 r - a potion of haste
 u - a potion of curing {unknown}
 x - a potion of heal wounds {unknown}
Comestibles
 f - 2 bread rations
 g - a meat ration
 i - a fruit
 n - a royal jelly


   Skills:
 + Level 3.0 Fighting
 - Level 12.0 Maces & Flails
 - Level 7.1 Armour
 + Level 0.6 Dodging
 - Level 7.1 Shields


You had 6 spell levels left.
You didn't know any spells.

Dungeon Overview and Level Annotations

Branches:
Dungeon (3/15)

Altars:
Okawaru
Trog


Message History

You hear some strange, mumbled words.
A magic dart appears from out of thin air!
The magic dart hits you! The orc hits you but does no damage.
The orc hits you with a hand axe.
You hear some strange, mumbled words.
A puff of frost appears from out of thin air!
The puff of frost hits you! The orc hits you but does no damage. x2
The orc priest zaps a wand.
You resist with some effort.
The orc hits you from afar with a trident.
Something hits you but does no damage. The orc hits you but does no damage.
The orc hits you with a mace.
The orc priest zaps a wand.
You shrug off the repeated paralysis!
Something hits you but does no damage. The orc hits you but does no damage.
The orc hits you from afar with a trident.
* * * LOW HITPOINT WARNING * * *
The orc hits you but does no damage. The orc hits you with a mace.
* * * LOW HITPOINT WARNING * * *
The orc priest invokes the aid of Beogh against you.
Beogh smites you!
You die...

#.#........## ###########
#.#.........# #.........#
..'.........# #..........
..#.........# #..........
............####..........
..###..#.......#..........
..# #..#.......#.o........
... #..#.......o{)†......o
... #..#.......o@o.......o
.. #..#.........o........
...#.......#..........
...#.......#..........
......................
.......###.###+##+#..
........ ... .. ## #.


You could see an orc priest and 4 orcs.

Vanquished Creatures
  Crazy Yiuf (D:2)
  An orc priest (D:3)
  An orc wizard (D:3)
  An adder (D:1)
  3 leopard geckos
  2 orcs (D:3)
  6 bats
  A giant cockroach (D:2)
  3 goblins (D:1)
  8 hobgoblins
  4 jackals (D:2)
  A quokka (D:2)
  2 ball pythons
  2 frilled lizards (D:1)
  5 kobolds
  6 rats
47 creatures vanquished.

Notes
Turn   | Place    | Note
-------+----------+-------------------------------------------
     0 | D:1      | Kagerus the Human Fighter began the quest for the Orb.
     0 | D:1      | Reached XP level 1. HP: 18/18 MP: 1/1
   285 | D:1      | Reached XP level 2. HP: 24/24 MP: 2/2
   321 | D:1      | Reached skill level 3 in Maces & Flails
   689 | D:1      | Reached XP level 3. HP: 27/29 MP: 3/3
   744 | D:2      | Found a bloodstained altar of Trog.
   764 | D:2      | Found an iron altar of Okawaru.
   948 | D:2      | Reached XP level 4. HP: 34/35 MP: 4/4
   968 | D:2      | Reached skill level 4 in Maces & Flails
  1149 | D:2      | Found a runed door.
  1377 | D:2      | Noticed Crazy Yiuf
  1402 | D:2      | Killed Crazy Yiuf
  1446 | D:2      | Reached skill level 12 in Maces & Flails
  1446 | D:2      | Reached XP level 5. HP: 41/41 MP: 5/5
  1447 | D:2      | Reached XP level 6. HP: 47/47 MP: 6/6
  1605 | D:3      | Paralysed by an orc priest for 4 turns
  1616 | D:3      | Reached XP level 7. HP: 38/52 MP: 7/7
  1621 | D:3      | Paralysed by an orc priest for 5 turns
  1624 | D:3      | Killed from afar by an orc priest

Skill      XL: |  1  2  3  4  5 |
---------------+----------------+-----
Maces & Flails | 3 12 | 12.0
Armour         | 7 |  7.1
Shields        | 7 |  7.1
Fighting       | |  3.0
Dodging        | |  0.6

Action                   |  1- 3 |  4- 6 |  7- 9 || total
-------------------------+-------+-------+-------++-------
Melee: Flail             |   110 |    50 |     4 ||   164
  Use: Scroll            |       |     9 |       ||     9
       Potion            |       |     2 |       ||     2
  Eat: Chunk             |       |     2 |       ||     2
Armor: Scale mail        |    53 |    31 |    12 ||    96
Dodge: Dodged            |    23 |    12 |     6 ||    41
Block: Shield            |    67 |    30 |     5 ||   102
